Map: Blackrock LE

Players

GhostRobo - Winner!

  • Race: Terran Terran
  • Spawn Location: 1:00

A.I. 1 (Very Easy)

  • Race: Zerg Zerg
  • Spawn Location: 7:00

VOD

Have the link to the VOD?

Description

Time

  • Played on: July 5, 2026, 7:02 a.m.
  • Length: 8:06
Show
View Real Time Build Order
Export as new Build Order

GhostRobo Terran - Winner!

Build Orders: Reaper Expand 

Get SALT Encoding   

  8  0:00  SCV  
  9  0:12  SCV  
  10  0:24  SCV  
  11  0:29  Supply Depot  
  11  0:36  SCV  
  12  0:52  Barracks  
  12  0:59  Refinery  
  12  1:02  SCV  
  13  1:16  SCV  
  14  1:28  SCV  
  15  1:40  Orbital Command  
  15  1:43  Reaper  
  16  2:15  SCV  
  17  2:18  Command Center  
  17  2:19  Marine  
  18  2:31  SCV, Supply Depot  
  19  2:40  Barracks Reactor  
  19  2:43  SCV  
  20  2:55  SCV  
  20  2:56  Factory  
  21  3:07  SCV  
  22  3:19  SCV  
  23  3:25  Marine x2  
  25  3:31  Orbital Command  
  25  3:34  SCV  
  26  3:42  Supply Depot  
  26  3:45  Refinery  
  26  3:46  SCV  
  27  3:54  Barracks Tech Lab  
  27  3:58  Starport, SCV x2  
  29  4:10  SCV  
  29  4:11  SCV  
  29  4:13  Hellion x2  
  29  4:16  Stimpack  
  35  4:21  Supply Depot  
  35  4:23  SCV x2  
  37  4:31  Marine  
  37  4:34  Hellion  
  37  4:35  SCV x2  
  37  4:38  Starport Reactor  
  42  4:46  Supply Depot  
  42  4:47  SCV x2  
  42  4:49  Marine  
  45  4:58  Hellion  
  45  4:59  SCV x2  
  49  5:05  Barracks  
  49  5:07  Barracks  
  49  5:13  Command Center  
  49  5:16  SCV x2  
  49  5:21  Medivac  
  53  5:24  Medivac  
  55  5:33  Supply Depot  
  55  5:36  Widow Mine x2  
  55  5:40  SCV x2  
  61  5:47  Refinery  
  61  5:48  Marine  
  61  5:49  Refinery  
  62  5:52  SCV x2  
  62  5:56  Barracks Reactor  
  64  5:57  Barracks Reactor, Widow Mine  
  64  5:58  Hellion, Combat Shield  
  68  6:04  SCV x2  
  68  6:06  Marine  
  68  6:09  Medivac  
  73  6:16  SCV  
  74  6:24  Marine  
  74  6:25  SCV  
  76  6:28  Supply Depot x2, SCV  
  76  6:32  Orbital Command  
  77  6:37  SCV  
  77  6:39  Supply Depot  
  78  6:42  Marine  
  78  6:44  Engineering Bay  
  79  6:48  Orbital Command  
  79  6:51  Engineering Bay  
  79  6:52  SCV x2  
  81  7:01  Supply Depot  
  81  7:04  SCV  
  81  7:06  SCV  
  83  7:08  Barracks  
  83  7:11  Hellion x2, Medivac  
  83  7:12  Barracks  
  83  7:13  Marine x2  
  91  7:16  SCV  
  91  7:18  SCV  
  93  7:32  SCV  
  93  7:33  SCV x2  
  90  7:44  SCV  
  90  7:45  SCV x2  
  90  7:46  Marine x5  
Show
View Real Time Build Order
Export as new Build Order

A.I. 1 (Very Easy) Zerg 

Build Orders: Pool Only 

Get SALT Encoding   

  8  0:00  Drone  
  9  0:10  Drone  
  10  0:18  Drone  
  11  0:25  Drone  
  12  0:33  Overlord  
  12  0:51  Drone  
  13  0:58  Drone  
  13  1:02  Spawning Pool  
  13  1:05  Drone  
  13  1:09  Extractor  
  13  1:13  Drone  
  14  1:20  Overlord  
  14  1:48  Zergling x2  
  14  1:50  Queen  
  17  2:02  Roach Warren  
  17  2:05  Drone  
  17  2:09  Extractor, Zergling x2  
  17  2:13  Drone  
  18  2:24  Drone  
  19  2:30  Zergling x2  
  19  2:34  Drone  
  21  2:44  Drone  
  22  2:54  Overlord  
  22  2:58  Drone  
  23  3:05  Drone  
  24  3:13  Drone  
  25  6:06  Roach, Drone, Lair  
  25  6:07  Overlord  
  28  6:13  Drone  
  29  6:21  Drone  
  29  6:28  Drone  
  28  6:35  Drone  
  29  6:42  Drone  
  29  6:46  Roach  
  32  7:03  Overseer  
  32  7:04  Overseer  
  32  7:26  Roach  
  32  7:29  Drone  
  32  7:40  Drone  
  27  7:47  Drone  
Tags
 
Add a new tag
Caveats
  • Supply blocks, unpowered buildings, or Contaminate may cause inaccurate times.
  • Supply counts are checked every 10 seconds.